 Dungeon Crawl Stone Soup version 0.30-a0-29-g142975f185 (webtiles) character file.

Game seed: 14573702283622547992

564 Flugkiller the Chopper (level 7, -6/62 HPs)
             Began as a Minotaur Fighter on Aug 25, 2022.
             Mangled by an ogre
             ... wielding a +0 giant club
              (28 damage)
             ... on level 5 of the Dungeon.
             The game lasted 00:01:33 (4226 turns).

Flugkiller the Chopper (Minotaur Fighter)           Turns: 4226, Time: 00:01:34

Health: -6/62      AC:  7    Str: 20    XL:     7   Next: 10%
Magic:  6/6        EV:  9    Int:  5    God:
Gold:   137        SH:  4    Dex: 12    Spells: 6/6 levels left

rFire   . . .      SeeInvis .    a - +0 war axe
rCold   . . .      Faith    .    c - +0 buckler
rNeg    . . .      Spirit   .    b - +0 scale mail
rPois   .          Reflect  .    (helmet restricted)
rElec   .          Harm     .    (no cloak)
rCorr   .          Rampage  .    (no gloves)
Will    .....                    (no boots)
Stlth   ..........               (no amulet)
HPRegen 0.20/turn                (no ring)
MPRegen 0.10/turn                (no ring)

@: no status effects
A: horns 2, retaliatory headbutt
a: no special abilities


You were on level 5 of the Dungeon.
You visited 1 branch of the dungeon, and saw 5 of its levels.

You collected 137 gold pieces.

Inventory:

Hand Weapons
 a - a +0 war axe (weapon)
Armour
 b - a +0 scale mail (worn)
 c - a +0 buckler (worn)
Scrolls
 f - a scroll of silence {unknown}
 g - 2 scrolls of amnesia {unknown}
 h - 5 scrolls of teleportation {unknown}
 i - a scroll of brand weapon {unknown}
 j - a scroll of vulnerability {unknown}
 k - 2 scrolls of blinking {unknown}
 l - 4 scrolls of identify {unknown}
 o - a scroll of noise {unknown}
 q - a scroll of summoning {unknown}
 t - a scroll of enchant armour {unknown}
Potions
 d - 2 potions of might
 e - 2 potions of invisibility {unknown}
 m - 2 potions of haste {unknown}
 n - 2 potions of curing {unknown}
 p - a potion of attraction {unknown}
 r - a potion of magic {unknown}
 s - a potion of cancellation {unknown}
 u - a potion of brilliance {unknown}


   Skills:
 + Level 5.7 Fighting
 * Level 6.9 Axes
 + Level 5.8 Armour
 - Level 3.6 Shields


You had 6 spell levels left.
You didn't know any spells.
Your spell library was empty.

Dungeon Overview and Level Annotations

Branches:
Dungeon (5/15)
 Temple: D:4-7

Altars:
Ashenzari
Elyvilon
Uskayaw

Annotations:
D:3 3 runed translucent doors, Flippered's ghost, amateur OpVM; QuickerDeath's ghost, amateur PaAK; sausages's ghost, amateur GnWn


Innate Abilities, Weirdness & Mutations

You have a pair of horns on your head.
You reflexively headbutt those who attack you in melee.


Message History

You now have 116 gold pieces (gained 6).
t - a scroll labelled IMYIPPAALI You see here a +0 robe.
There is a stone staircase leading up here.
You see here a +0 spear.
Items here: )) †††.
An ogre comes into view. It is wielding a +0 giant club.
The ogre shouts!
An ogre is nearby!
An ogre is nearby!
You hit the ogre but do no damage. The ogre hits you but does no damage.
You hit the ogre. You headbutt the ogre.
The ogre is moderately wounded.
The ogre closely misses you. You furiously retaliate!
You headbutt the ogre! You slash the ogre!
You kill the ogre!
No target in view!
You see here a +0 giant club.
Found a stone staircase leading down.
Done exploring.
Done exploring.
Done exploring.
(D) Dungeon
Where to? (Enter - D:4, ? - help)
There is a stone staircase leading down here.
You climb downwards.
There is a stone staircase leading up here.
Unknown command.
An iguana comes into view.
The iguana hisses angrily.
An iguana is nearby!
An iguana is nearby!
Found 5 gold pieces.
A hound comes into view.
The hound barks!
The iguana misses you.
You barely miss the iguana. The hound closely misses you.
You furiously retaliate!
You headbutt the hound!
The iguana bites you but does no damage.
You hit the hound. Your headbutt misses the hound.
The hound is heavily wounded.
You hit the iguana but do no damage. You block the hound's attack.
You block the iguana's attack. The hound bites you but does no damage.
You closely miss the hound.
The hound is heavily wounded.
You barely miss the iguana. The hound closely misses you. The iguana bites you.
You slash the hound!
You kill the hound!
You hit the iguana but do no damage. You block the iguana's attack.
You have reached level 7!
You hit the iguana. Your headbutt misses the iguana.
The iguana is heavily wounded.
The iguana closely misses you.
The iguana bites you but does no damage.
You closely miss the iguana. Your headbutt misses the iguana.
The iguana is heavily wounded.
The iguana hisses menacingly.
The iguana barely misses you.
You closely miss the iguana.
The iguana is heavily wounded.
The iguana bites you.
You slash the iguana! Your headbutt misses the iguana.
The iguana is almost dead.
The iguana bites you.
You barely miss the iguana. Your headbutt misses the iguana.
The iguana is almost dead.
The iguana bites you!
You slash the iguana!
You kill the iguana!
No target in view!
HP restored.
You now have 121 gold pieces (gained 5).
Found a sling.
You now have 137 gold pieces (gained 16).
l - 4 scrolls labelled UBISAXZAUR (gained 1)
Found a stone staircase leading down.
u - a yellow potion
There is a stone staircase leading down here.
Found 8 stones.
You see here 8 stones.
You see here a +0 rapier of speed.
An ogre comes into view. It is wielding a +0 giant club.
The ogre shouts!
An ogre is nearby!
An ogre is nearby!
You see here 11 gold pieces.
The ogre hits you with a +0 giant club!
You hit the ogre but do no damage. You headbutt the ogre.
The ogre is lightly wounded.
The ogre hits you with a +0 giant club!!
You are too injured to fight recklessly!
You are too injured to fight recklessly!
You are too injured to fight recklessly!
You are too injured to fight recklessly!
You are too injured to fight recklessly!
You are too injured to fight recklessly!
You slash the ogre!
The ogre is heavily wounded.
The ogre hits you with a +0 giant club!!
You die...

##### ....# ####
###.## ..... #
#.(#############......
#
##.).........$@O......
###############......
#.....# .....
#####.###.# ####
######## ......# #.#
#...<..# .###### #.#
######### #......#
...# #.#
........#####......#
.#.# #.#
...........##......#
.#.# #.#
........##.##......#


You could see an ogre.

Vanquished Creatures
  Sigmund (D:3)
  An ogre (D:4)
  A hound (D:5)
  A jelly (D:4)
  2 orc wizards (D:4)
  An iguana (D:5)
  Robin (D:2)
  4 gnolls (D:4)
  4 adders
  A white imp (D:4)
  3 worms
  4 orcs
  7 endoplasms
  4 giant cockroaches
  13 goblins
  4 hobgoblins
  6 jackals
  2 quokkas (D:3)
  5 ball pythons
  5 bats
  10 frilled lizards (D:1)
  4 kobolds
  9 rats
93 creatures vanquished.

Notes
Turn   | Place    | Note
-------+----------+-------------------------------------------
     0 | D:1      | Flugkiller the Minotaur Fighter began the quest for the
                  | Orb.
     0 | D:1      | Reached XP level 1. HP: 19/19 MP: 0/0
   204 | D:1      | Reached XP level 2. HP: 21/27 MP: 1/1
   206 | D:1      | Reached skill level 3 in Axes
   772 | D:1      | Found a faded altar of an unknown god.
  1124 | D:2      | Reached XP level 3. HP: 33/33 MP: 2/2
  1263 | D:2      | Noticed Robin
  1278 | D:2      | Killed Robin
  1279 | D:2      | Reached skill level 4 in Axes
  1372 | D:2      | Reached XP level 4. HP: 40/40 MP: 3/3
  2200 | D:3      | Found a white marble altar of Elyvilon.
  2280 | D:3      | Noticed Sigmund
  2288 | D:3      | Killed Sigmund
  2289 | D:3      | Reached skill level 5 in Fighting
  2289 | D:3      | Reached skill level 5 in Axes
  2289 | D:3      | Reached skill level 5 in Armour
  2289 | D:3      | Reached XP level 5. HP: 14/48 MP: 4/4
  2612 | D:3      | Found a runed translucent gate.
  2614 | D:3      | Found a runed translucent gate.
  2615 | D:3      | Found a runed translucent gate.
  2616 | D:3      | Noticed Flippered's ghost (amateur OpVM)
  2616 | D:3      | Noticed sausages's ghost (amateur GnWn)
  2616 | D:3      | Noticed QuickerDeath's ghost (amateur PaAK)
  2648 | D:3      | Found a hide-covered altar of Uskayaw.
  3109 | D:4      | Reached XP level 6. HP: 56/56 MP: 5/5
  3411 | D:4      | Reached skill level 6 in Axes
  3506 | D:4      | Found a broken altar of Ashenzari.
  4001 | D:5      | Entered Level 5 of the Dungeon
  4035 | D:5      | Reached XP level 7. HP: 60/62 MP: 6/6
  4226 | D:5      | Mangled by an ogre

Illustrated notes

Levels and vault maps discovered:
D:1:      sevenhm_arrival_forest_fort_small_1, layout_basic,
          chequers_ecumenical_altar_simple_redux, minmay_lizard_pond
D:2:      layout_loops_ring, serial_aquarium, aquarium_bridge_island_small
          [aquarium_subvault_small_open, aquarium_subvault_bridge,
          aquarium_subvault_wall, aquarium_subvault_wall,
          aquarium_subvault_wall], aquarium_bridge_long_joined
          [aquarium_subvault_wall, aquarium_subvault_balcony,
          aquarium_subvault_balcony, aquarium_subvault_bridge,
          aquarium_subvault_wall, aquarium_subvault_wall], aquarium_window_fake,
          aquarium_window_1, aquarium_view_4, uniq_robin
D:3:      layout_loops_corners, nicolae_uskayaw_suspiria,
          mainiacjoe_overflow_paths, gammafunk_ghost_cemetery,
          grunt_decor_fettered, palyth_stone_intersect, uniq_sigmund
D:4:      layout_rooms, mainiacjoe_overflow_boulevard
D:5:      layout_basic, lemuel_tele_altar, marbit_many_paths

Skill      XL: |  1  2  3  4  5  6 |
---------------+-------------------+-----
Axes           | 3 4 5 6 |  6.9
Armour         | 4 5 |  5.8
Fighting       | 4 5 |  5.7
Shields        | |  3.6

Action                   |  1- 3 |  4- 6 |  7- 9 || total
-------------------------+-------+-------+-------++-------
Melee: War axe           |    82 |    94 |     8 ||   184
       Headbutt          |    14 |    18 |     1 ||    33
  Use: Potion            |       |     1 |       ||     1
Armor: Scale mail        |    40 |    33 |     1 ||    74
Dodge: Dodged            |    49 |    30 |     2 ||    81
Block: Buckler           |    19 |    24 |       ||    43

Table legend: (Time is in decaauts)
 A = Elapsed time spent in this place.
 B = Non-inter-level travel time spent in this place.
 C = Inter-level travel time spent in this place.
 D = Time resting spent in this place.
 E = Time spent auto-exploring this place.
 F = Levels seen in this place.
 G = Mean time per level.
                   A        B        C        D        E       F      G
               +--------+--------+--------+--------+--------+-----+--------+
         Total |   4283 |   4157 |    126 |    342 |   3309 |   5 |  856.6 |
       Dungeon |   4283 |   4157 |    126 |    342 |   3309 |   5 |  856.6 |
               +--------+--------+--------+--------+--------+-----+--------+

Top non-repeatable levels by time:
     D:3: 1295 daAuts
     D:1: 1059 daAuts
     D:4: 907 daAuts
     D:2: 794 daAuts
     D:5: 226 daAuts
